 Dungeon Crawl Stone Soup version 0.20.0-8-g6b59dc7 (webtiles) character file.

82 straycat the Ducker (level 4, -1/34 HPs)
             Began as a Vampire Gladiator on June 1, 2017.
             Slain by a goblin (3 damage)
             ... led by Robin
             ... on level 2 of the Dungeon.
             The game lasted 00:05:18 (1779 turns).

straycat the Ducker (Vampire Gladiator)             Turns: 1779, Time: 00:05:19

Health: -1/34      AC:  6    Str: 13    XL:     4   Next: 21%
Magic:  4/4        EV: 13    Int: 10    God:
Gold:   89         SH:  0    Dex: 16    Spells: 3/3 levels left

rFire    . . .     SeeInvis +   a - +0 rapier
rCold    + . .     Gourm    .   (no shield)
rNeg     + . .     Faith    .   i - +0 ring mail
rPois    .         Spirit   .   c - +0 helmet
rElec    .         Reflect  .   (no cloak)
rCorr    .         Harm     .   (no gloves)
MR       .....                  (no boots)
Stlth    ++........             (no amulet)
Regen    0.2/turn               n - ring of protection from cold
MPRegen  0.1/turn               (no ring)

@: no status effects
A: fangs 3, see invisible, unbreathing
a: Bat Form


You were on level 2 of the Dungeon.
You were not thirsty.

You visited 1 branch of the dungeon, and saw 2 of its levels.

You collected 89 gold pieces.

Inventory:

Hand Weapons
 a - a +0 rapier (weapon)
 j - a +0 spear
 p - a +0 great sword
Missiles
 d - 3 throwing nets (quivered)
 f - 51 bolts
 g - 31 stones
 m - 48 arrows
Armour
 b - a +0 leather armour
 c - a +0 helmet (worn)
 i - a +0 ring mail (worn)
Jewellery
 n - a ring of protection from cold (left hand)
Wands
 q - a wand of acid (5/15)
Potions
 e - 14 potions of blood
 h - a potion of curing
 l - a potion of cancellation {unknown}
 o - a potion of degeneration {unknown}
 s - a potion of agility {unknown}
 t - 3 potions of lignification {unknown}


   Skills:
 * Level 2.4 Fighting
 * Level 3.8 Short Blades
 - Level 1.5 Throwing
 * Level 4.1 Dodging
 * Level 2.9 Stealth


You had 3 spell levels left.
You didn't know any spells.

Dungeon Overview and Level Annotations

Branches:
Dungeon (2/15)

Altars:


Innate Abilities, Weirdness & Mutations

You have razor-sharp teeth.
You have supernaturally acute eyesight. (SInv)
You can survive without breathing.


Message History

h - a potion of curing The goblin hits you with a dagger.
* * * LOW HITPOINT WARNING * * *
The goblin hits you but does no damage. The hobgoblin hits you with a club.
* * * LOW HITPOINT WARNING * * *
You hit Robin.
Robin is almost dead.
The goblin closely misses you. The goblin barely misses you.
The hobgoblin closely misses you.
You puncture Robin!
You kill Robin!
The hobgoblin no longer looks unusually strong.
The goblin hits you with a dagger.
* * * LOW HITPOINT WARNING * * *
The goblin unwields an uncursed dagger of freezing.
The goblin wields a hunting sling.
The goblin shoots a stone.
The stone hits you.
* * * LOW HITPOINT WARNING * * *
The goblin hits you.
You die...

...)...## ##.####
........####.....#####
........'............#
....<...####.........#
.......## #..#..##..#
#.....## #.##..##..#
##...## #.##......#
##'## #.###g##.## #.#
#.###@##.# #.
#...g)g..# #####g####
#.# #.# #.# #.# ..#
###


You could see a hobgoblin and 3 goblins.

Vanquished Creatures
  Robin (D:2)
  2 adders (D:2)
  A dart slug (D:2)
  A leopard gecko (D:2)
  2 bats
  2 giant cockroaches
  6 goblins
  8 hobgoblins
  10 jackals
  A quokka (D:2)
  2 ball pythons
  4 kobolds (D:2)
  4 rats
44 creatures vanquished.

Notes
Turn   | Place    | Note
-------+----------+-------------------------------------------
     0 | D:1      | straycat the Vampire Gladiator began the quest for the Orb.
     0 | D:1      | Reached XP level 1. HP: 16/16 MP: 1/1
   148 | D:1      | Reached skill level 1 in Stealth
   193 | D:1      | Reached XP level 2. HP: 20/22 MP: 2/2
   913 | D:1      | Reached XP level 3. HP: 27/27 MP: 3/3
  1403 | D:2      | Reached skill level 4 in Dodging
  1708 | D:2      | Reached XP level 4. HP: 34/34 MP: 4/4
  1757 | D:2      | Noticed Robin
  1779 | D:2      | Killed Robin
  1779 | D:2      | Slain by a goblin

Skill      XL: |  1  2  3 |
---------------+----------+-----
Stealth        | 1 2 |  2.9
Fighting       | 2 |  2.4
Dodging        | 4 |  4.1
Short Blades   | |  3.8
Throwing       | |  1.5

Action                   |  1- 3 |  4- 6 || total
-------------------------+-------+-------++-------
Melee: Rapier            |   121 |    15 ||   136
       Bite              |    11 |     2 ||    13
  Use: Potion            |     5 |       ||     5
       Scroll            |       |     2 ||     2
 Stab: Sleeping          |     4 |       ||     4
Armor: Leather armour    |    15 |       ||    15
       Ring mail         |    17 |     9 ||    26
Dodge: Dodged            |    99 |    15 ||   114
